 Dungeon Crawl Stone Soup version 0.18.1-47-g9310371 (webtiles) character file.

545 Peloso the Shield-Bearer (level 7, -14/60 HPs)
             Began as a Minotaur Fighter on June 17, 2016.
             Killed by divine providence
             ... invoked by an orc priest
              (15 damage)
             ... on level 4 of the Dungeon.
             The game lasted 00:08:22 (3083 turns).

Peloso the Shield-Bearer (Minotaur Fighter)         Turns: 3083, Time: 00:08:23

Health: -14/60     AC:  7    Str: 21    XL:     7   Next: 6%
Magic:  6/6        EV: 10    Int:  5    God:
Gold:   204        SH: 10    Dex: 11    Spells: 0 memorised, 6 levels left

rFire  . . .     SeeInvis .     a - +0 long sword
rCold  . . .     Gourm    .     b - +0 scale mail
rNeg   . . .     Faith    .     c - +0 shield
rPois  .         Spirit   .     (helmet restricted)
rElec  .         Dismiss  .     (no cloak)
rCorr  .         Reflect  .     (no gloves)
SustAt .         Harm     .     (no boots)
MR     .....                    (no amulet)
Stlth  ..........               (no ring)
                                u - +2 ring of evasion

@: slowed, heavily drained, very slow, not resistant to hostile enchantments,
extremely unstealthy
A: retaliatory headbutt, horns 2
a: no special abilities


You were on level 4 of the Dungeon.
You were hungry.

You visited 1 branch of the dungeon, and saw 4 of its levels.
You also visited: Sewer.

You collected 204 gold pieces.

Inventory:

Hand Weapons
 a - a +0 long sword (weapon)
 v - a +1 whip of draining
 y - a +2 dagger of draining
Armour
 b - a +0 scale mail (worn)
 c - a +0 shield (worn)
 e - a +0 cloak
Jewellery
 u - a +2 ring of evasion (left hand)
 D - an uncursed amulet of dismissal {unknown}
Wands
 H - a wand of flame (38/48)
Scrolls
 l - a scroll of fear
 m - a scroll of recharging {unknown}
 n - 5 scrolls of identify {unknown}
 p - a scroll of teleportation {unknown}
 q - 2 scrolls of random uselessness {unknown}
 t - 2 scrolls of remove curse {unknown}
 B - a scroll of fog {unknown}
 C - 2 scrolls of enchant armour {unknown}
 E - a scroll of noise {unknown}
 G - a scroll of enchant weapon {unknown}
Potions
 d - 3 potions of might
 g - a potion of haste {unknown}
 i - 5 potions of flight {unknown}
 j - a potion of lignification {unknown}
 k - 2 potions of degeneration {unknown}
 o - a potion of invisibility {unknown}
 s - a potion of ambrosia {unknown}
 w - 3 potions of heal wounds {unknown}
 x - 2 potions of curing
 A - a potion of cure mutation {unknown}
Comestibles
 f - 4 bread rations
 h - 2 slices of pizza
 r - a meat ration
 z - a beef jerky
 F - a chunk of flesh


   Skills:
 + Level 4.7(3.5) Fighting
 + Level 4.7(3.5) Long Blades
 + Level 4.9(3.7) Armour
 + Level 3.5(2.3) Dodging
 + Level 0.3(0.0) Stealth
 + Level 6.1(4.8) Shields


You had 6 spell levels left.
You didn't know any spells.

Dungeon Overview and Level Annotations

Branches:
Dungeon (4/15)
 Temple: D:4-7

Altars:


Innate Abilities, Weirdness & Mutations

You reflexively headbutt those who attack you in melee.
You have a pair of horns on your head.


Message History

The orc priest looks braver for a moment.
The orc priest calls down the wrath of Beogh upon you.
Pain shoots through your body!
* * * LOW HITPOINT WARNING * * *
The orc wizard hits you but does no damage.
You block the orc wizard's attack.
The orc priest calls upon Beogh to heal the orc wizard.
The orc wizard's wounds heal themselves!
The orc wizard hits you but does no damage.
You hear some strange, mumbled words.
A magic dart appears from out of thin air!
The magic dart hits you!
* * * LOW HITPOINT WARNING * * *
You block the orc wizard's attack. The orc wizard casts a spell at you.
The puff of frost hits you!
* * * LOW HITPOINT WARNING * * *
The orc priest invokes the aid of Beogh against you.
Beogh smites you!
You die...

#.........##.######.#,**
*#.####.#..........#**,* *,*
#.####.######.#,**
***##.####.# #.# **,**
*,,........# #.# **,**
*,*##.####.####.# *,,,* *,*
*,* #......# *,,,* *,*
*,***#>.##### *,,,*** *,*
*,,,,#.@# **,***, *,*
****,#.o# *,***, *,* *,#oo#
*,*,,, *,******,#.o#
****,*,*,
*,,,.....O.)#*******,,,,*,*,
****####.....,,,,,,,,,,,*,**
#.##.##,***,,,,,,,,*
#.*#.#*,,,,,,>,,,,,*
#.*#..*****,,,,,,,,*


You could see an ogre, 2 orc priests, an orc wizard and an orc.

Vanquished Creatures
  The ghost of lepiPlod666 the Quickloader, an amateur CeHu (D:3)
  A big kobold (Sewer)
  Crazy Yiuf (D:3)
  2 orc priests
  An orc wizard (D:4)
  Robin (D:3)
  2 adders
  3 river rats
  An ooze (D:3)
  A worm (D:2)
  2 dart slugs (D:2)
  2 giant geckos
  10 orcs
  2 ball pythons
  3 giant cockroaches
  13 goblins
  12 hobgoblins
  A jackal (Sewer)
  9 kobolds
  A quokka (D:4)
  7 bats
  A giant newt (D:1)
  14 rats
  A fungus (D:3)
92 creatures vanquished.

Notes
Turn   | Place    | Note
--------------------------------------------------------------
     0 | D:1      | Peloso the Minotaur Fighter began the quest for the Orb.
     0 | D:1      | Reached XP level 1. HP: 19/19 MP: 0/0
   210 | D:1      | Reached XP level 2. HP: 17/27 MP: 1/1
   564 | D:2      | Reached skill level 1 in Dodging
   564 | D:2      | Reached skill level 4 in Shields
   564 | D:2      | Reached XP level 3. HP: 30/33 MP: 2/2
  1449 | D:3      | Reached XP level 4. HP: 40/40 MP: 3/3
  1717 | D:3      | Noticed Robin
  1723 | D:3      | Killed Robin
  1739 | D:3      | Noticed lepiPlod666's ghost (amateur CeHu)
  1751 | D:3      | Killed lepiPlod666's ghost
  1751 | D:3      | Reached skill level 5 in Shields
  1751 | D:3      | Reached XP level 5. HP: 31/47 MP: 4/4
  1751 | D:3      | Reached XP level 6. HP: 35/53 MP: 5/5
  2155 | D:3      | Noticed Crazy Yiuf
  2160 | D:3      | Killed Crazy Yiuf
  2334 | D:4      | Found a glowing drain.
  2338 | Sewer    | Entered a sewer
  2448 | Sewer    | Found a white marble altar of Elyvilon.
  2622 | D:4      | Reached skill level 6 in Shields
  2906 | D:4      | Reached XP level 7. HP: 60/60 MP: 6/6
  3083 | D:4      | HP: 1/60 [orc wizard/puff of frost (7)]
  3083 | D:4      | Killed from afar by an orc priest

Skill      XL: |  1  2  3  4  5  6 |
---------------+-------------------+-----
Armour         | 4 |  4.9
Dodging        | 1 2 3 |  3.5
Shields        | 4 5 6 |  6.1
Long Blades    | 3 4 |  4.7
Fighting       | 4 |  4.7
Stealth        | |  0.3

Action                   |  1- 3 |  4- 6 |  7- 9 || total
-------------------------+-------+-------+-------++-------
Melee: Long sword        |    97 |   136 |    11 ||   244
       Headbutt          |    15 |    19 |     1 ||    35
  Use: Potion            |     2 |     1 |       ||     3
       Scroll            |       |     2 |       ||     2
  Eat: Chunk             |     2 |     4 |     1 ||     7
Armor: Scale mail        |    47 |    30 |     4 ||    81
Dodge: Dodged            |    31 |    46 |     8 ||    85
Block: Shield            |    41 |    67 |    14 ||   122
